[Event "*** SCC Grand Prix: Titled Tuesday Blitz"]
[Site "Chess.com"]
[Date "2020.09.29"]
[Round "4"]
[White "kleopl"]
[Black "cassoulet"]
[Result "1-0"]
[WhiteElo "2470"]
[BlackElo "2632"]
[TimeControl "180+1"]
[EndTime "10:40:33 PDT"]
[Termination "kleopl won by checkmate"]

1. c4 e6 2. Nc3 Nf6 3. Nf3 d5 4. cxd5 exd5 5. d4 Bd6 6. Bg5 c6 7. e3 h6 8. Bh4 Bf5 9. Bd3 Bxd3 10. Qxd3 Nbd7 11. O-O O-O 12. Rab1 a5 13. a3 Qe7 14. Rfc1 Rfe8 15. Bg3 Ne4 16. Bxd6 Nxd6 17. Nd2 Nf6 18.
Ne2 Nfe4 19. Ng3 Qh4 20. Ndxe4 dxe4 21. Qe2 g6 22. b4 axb4 23. axb4 Ra3 24. Rd1 Qg5 25.
Rdc1 Rea8 26. Rc5 Qf6 27. d5 Ra2 28. Qf1 Ra1 29. Rxa1 Rxa1 30. Rc1 Rxc1 31. Qxc1 cxd5 32. Qc5 Qe5 33. h3 h5 34. Ne2 Kg7 35. Nf4 Nc4 36.
Qxd5 Qxd5 37. Nxd5 f5 38. Kf1 Kf7 39. Ke2 Ke6 40.
Nf4+ Kf6 41. h4 Ne5 42. g3 Ke7 43. Kd2 Kd6 44. Kc3 Ng4 45. Nh3 Kd5 46. Nf4+ Ke5 47. Nxg6+ Kd6 48. Nf4 Nxf2 49. Nxh5 Ng4 50. Kd4 Ne5 51.
Ng7 Nc6+ 52. Kc4 Ke5 53. h5 Kf6 54. h6 Ne5+ 55. Kd5 Ng4 56. Kd4 Nxh6 57. Ne8+ Kg5 58.
Nd6 b6 59. Nc8 b5 60. Nd6 Kg4 61. Nxb5 Kxg3 62. Nd6 Kf3 63. b5 f4 64. Nxe4 fxe3 65.
Nc3 Nf5+ 66. Kc5 Ng3 67. b6 Ne4+ 68. Nxe4 Kxe4 69. b7 e2 70. b8=Q Kd3 71. Qd6+ Kc2 72. Qe5 Kd1 73. Qd4+ Kc2 74. Qc4+ Kd2 75. Qd4+ Kc2 76.
Qe3 Kd1 77. Qd3+ Ke1 78. Kd4 Kf2 79. Qe3+ Kf1 80. Qf3+ Kg1 81. Qxe2 Kh1 82. Ke3 Kg1 83. Kf3 Kh1 84. Qg2# 1-0

[Event "*** SCC Grand Prix: Titled Tuesday Blitz"]
[Site "Chess.com"]
[Date "2020.09.29"]
[Round "4"]
[White "SergeyShtyka"]
[Black "kidagent"]
[Result "1-0"]
[WhiteElo "2443"]
[BlackElo "2279"]
[TimeControl "180+1"]
[EndTime "10:40:34 PDT"]
[Termination "SergeyShtyka won on time"]

1. e4 c5 2. Nf3 d6 3. d4 cxd4 4. Nxd4 Nf6 5. Nc3 a6 6. Bd3 e5 7.
Nde2 Be7 8. O-O O-O 9. Ng3 Be6 10. Bg5 Nbd7 11. Qe2 Rc8 12. Nd1 h6 13. Bd2 d5 14.
exd5 Nxd5 15. Nf5 Nf4 16. Nxe7+ Qxe7 17. Bxf4 exf4 18. Qe4 f5 19. Qxf4 g5 20. Qd4 Qf6 21. Qxf6 Nxf6 22. Re1 Rfe8 23. Ne3 f4 24. Nf5 Bxf5 25.
Bxf5 Rc5 26. Rxe8+ Nxe8 27. Bd3 Kf7 28. Re1 Nd6 29. Kf1 Kf6 30. g3 fxg3 31. fxg3 Nc4 32. Bxc4 Rxc4 33. c3 Rc5 34. Kg2 Rd5 35. Re2 Rd1 36.
Kf3 h5 37. Ke4 Ke6 38. b3 Rc1 39. c4 b6 40. Kd4+ Kd6 41. Rf2 Rd1+ 42. Ke4 Ke6 43. Re2 Rd8 44. Rc2 Rd1 45. b4 Re1+ 46. Kd4 Rd1+ 47.
Ke4 Re1+ 48. Kf3 Rf1+ 49. Kg2 Rd1 50. c5 bxc5 51. bxc5 Kd7 52. c6+ Kc7 53. Kf3 Rd6 54.
Ke4 Rf6 55. Ke5 Rf1 56. Kd5 Rd1+ 57. Ke6 Rf1 58. Ke5 g4 59. Ke4 Rd1 60. Kf4 Rd5 61. Ke4 Rb5 62. Kd4 Ra5 63. Ke3 Rb5 64. Kf2 Ra5 65.
Kg2 Rb5 66. h3 Ra5 67. hxg4 hxg4 68. Kf2 Rf5+ 69. Ke2 Rf6 70. Rc3 Re6+ 71. Kd3 Rf6 72. Ke4 Rf2 73. a3 a5 74. Ke5 Rf3 75. Kd4 Rxc3 76. Kxc3 Kxc6 77. Kc4 1-0

[Event "*** SCC Grand Prix: Titled Tuesday Blitz"]
[Site "Chess.com"]
[Date "2020.09.29"]
[Round "4"]
[White "IsaacWiebe"]
[Black "CM_rui"]
[Result "1/2-1/2"]
[WhiteElo "2247"]
[BlackElo "2388"]
[TimeControl "180+1"]
[EndTime "10:40:37 PDT"]
[Termination "Game drawn - insufficient material"]

1. d4 Nf6 2. Nf3 e6 3. c4 Bb4+ 4. Bd2 Qe7 5. e3 O-O 6. Bd3 Bxd2+ 7. Nbxd2 d6 8. O-O e5 9. Qc2 a5 10. Rfc1 Na6 11. a3 b6 12. Ne4 h6 13. Nxf6+ Qxf6 14. Bh7+ Kh8 15. Be4 Rb8 16. Rab1 exd4 17. Nxd4 Nc5 18.
Bf3 Bd7 19. b4 axb4 20. axb4 Nb7 21. Bxb7 Rxb7 22. Ra1 c5 23. bxc5 bxc5 24. Nf3 Rfb8 25. Qc3 Qxc3 26. Rxc3 Rb1+ 27. Rc1 Rxa1 28. Rxa1 Be6 29.
Nd2 Rb2 30. Ne4 Rb6 31. Rd1 Bxc4 32. Nxd6 Bb3 33. Nc8 Rc6 34. Rd8+ Kh7 35. Ne7 Rc7 36. Nd5 Bxd5 37. Rxd5 Kg6 38. Kf1 c4 39. Ke1 Kf6 40. Kd2 Ke6 41. Rd4 Ke5 42. Kc3 Ra7 43. Rxc4 Ra2 44. f4+ Kf5 45. Rc7 Kg6 46. g4 Rxh2 47. Kd3 Rg2 48. Rc6+ Kh7 49. g5 hxg5 50. fxg5 Rxg5 51.
Ke4 Rg6 52. Rc7 Rf6 53. Rc5 Kg6 54. Rc1 Re6+ 55. Kf4 Kf6 56. Rg1 g6 57. e4 Re5 58.
Ra1 g5+ 59. Kf3 Re6 60. Ra5 Kg6 61. Rb5 Kh5 62. Rb1 g4+ 63. Kf4 Rf6+ 64. Ke5 Kg5 65. Rh1 Re6+ 66. Kd4 Kf4 67. Rf1+ Kg3 68. Rxf7 Kh2 69.
Rg7 g3 70. e5 g2 71. Kd5 Ra6 72. e6 Ra3 73. Rxg2+ Kxg2 74. e7 Re3 75. Kd6 Kf3 76.
Kd7 Rd3+ 77. Ke6 Re3+ 78. Kd7 Rd3+ 79. Ke6 Re3+ 80. Kf7 Rxe7+ 81. Kxe7 1/2-1/2

[Event "*** SCC Grand Prix: Titled Tuesday Blitz"]
[Site "Chess.com"]
[Date "2020.09.29"]
[Round "4"]
[White "TrimitziosP7"]
[Black "Paladin61"]
[Result "1-0"]
[WhiteElo "2835"]
[BlackElo "2629"]
[TimeControl "180+1"]
[EndTime "10:40:38 PDT"]
[Termination "TrimitziosP7 won on time"]

1. e4 c5 2. b4 cxb4 3. a3 bxa3 4. c3 d6 5. Nxa3 Nf6 6. Nf3 g6 7. Bd3 Bg7 8. O-O O-O 9. Bc2 b6 10. d4 Bb7 11. Re1 Nc6 12. Bb2 Rc8 13. Rc1 a6 14. c4 Nd7 15. Qd2 e5 16. d5 Na5 17. Qe2 Bh6 18. Rb1 Qc7 19. Bd3 Nc5 20. Bc3 Ba8 21.
Bd2 Bxd2 22. Nxd2 Rb8 23. Bc2 Bb7 24. Qe3 Kg7 25. f4 f6 26. Nf3 Bc8 27. h3 Qe7 28. f5 Bd7 29. g4 g5 30. Kg2 h6 31. h4 Rh8 32. Rb4 Rb7 33. Rh1 Be8 34.
Nb1 Bf7 35. Nbd2 Rbb8 36. Rhb1 Nd7 37. Ba4 Nc5 38. Bd1 Qd8 39. h5 Kf8 40. Ne1 Kg7 41.
Nd3 Qc7 42. Ne1 Nd7 43. Be2 Rhc8 44. Nd3 Nc5 45. Nf2 Nd7 46. Nf3 Nc5 47. Nh3 Kf8 48. Nhxg5 hxg5 49. Nxg5 fxg5 50. Qxg5 Qd7 51. Qh6+ Ke8 52.
Bf3 Kd8 53. Rxb6 Kc7 54. Rxb8 Rxb8 55. Rxb8 Kxb8 56. Qf8+ Kc7 57. g5 Nxc4 58. g6 Be8 59. g7 Bf7 60. h6 Ne3+ 61. Kf2 Nxf5 62. exf5 Qxf5 63. g8=Q Ne4+ 64. Ke3 Qf4+ 65. Ke2 Nc3+ 66. Kf2 Ne4+ 67. Kg2 Qd2+ 68. Kh3 Ng5+ 69. Qxg5 Qf4 70.
Qxf4 Be6+ 71. Bg4 Bxg4+ 72. Qxg4 1-0

[Event "*** SCC Grand Prix: Titled Tuesday Blitz"]
[Site "Chess.com"]
[Date "2020.09.29"]
[Round "4"]
[White "KyrgyzFighter"]
[Black "xberli"]
[Result "0-1"]
[WhiteElo "2375"]
[BlackElo "2612"]
[TimeControl "180+1"]
[EndTime "10:40:41 PDT"]
[Termination "xberli won by checkmate"]

1. c4 Nf6 2. Nc3 g6 3. e4 e5 4. Nf3 Bg7 5. d4 exd4 6. Nxd4 O-O 7. e5 Re8 8. f4 d6 9. Nf3 Nc6 10. Be2 dxe5 11. Qxd8 Rxd8 12. fxe5 Ng4 13. Nd5 Ngxe5 14. Nxc7 Rb8 15. Bf4 Bf5 16. Nd5 Nxf3+ 17. Bxf3 Bxb2 18. Bxb8 Bxa1 19. Bc7 Re8+ 20. Kd2 Bd4 21. g4 Bc8 22. h4 Kg7 23. h5 h6 24. Rb1 Ne5 25. Bxe5+ Rxe5 26. a4 Bc5 27. a5 Rg5 28. Rb5 b6 29. axb6 axb6 30. hxg6 Rxg6 31. Kd3 Rd6 32. Ke4 h5 33. gxh5 Ba6 34. Rb2 Bxc4 35. Nf4 Rd4+ 36. Kf5 Bd3+ 37. Kg4 Bd6 38. h6+ Kh7 39. Rd2 Rxf4+ 40. Kg3 Rd4+ 41.
Kg2 Kxh6 42. Kf2 Bc5 43. Ke3 Rd6+ 44. Kf4 Bg6 45. Rh2+ Kg7 46. Rg2 Rf6+ 47. Kg3 Rf5 48. Bg4 Rg5 49. Kf4 Rd5 50. Re2 Rd4+ 51. Kg3 Re4 52. Rd2 Be3 53. Rb2 Bf4+ 54. Kf3 Bc7 55.
Rd2 Re7 56. Rb2 Re5 57. Ra2 Rc5 58. Ra7 Be5 59. Be6 Rc3+ 60. Ke2 Bf6 61. Bg4 Rc5 62. Kf3 Re5 63. Kg3 Re3+ 64. Kf4 Rc3 65. Rb7 Rb3 66. Rc7 Rb4+ 67. Kg3 b5 68. Kh3 Rb3+ 69. Kg2 b4 70. Rb7 Rb2+ 71. Kf3 b3 72. Ke3 Rb1 73. Be2 b2 74.
Bd3 Re1+ 75. Kd2 Bxd3 76. Kxe1 b1=Q+ 77. Rxb1 Bxb1 78. Kf2 Bg6 79. Kf3 Kh6 80. Kf4 Bg5+ 81. Kg4 f5+ 82. Kg3 Kh5 83. Kh3 Bh4 84. Kg2 Kg4 85. Kh2 f4 86. Kg2 f3+ 87. Kg1 Kg3 88. Kh1 Be4 89. Kg1 f2+ 90. Kf1 Bd3# 0-1

[Event "*** SCC Grand Prix: Titled Tuesday Blitz"]
[Site "Chess.com"]
[Date "2020.09.29"]
[Round "4"]
[White "StellarChessPro"]
[Black "dpopadic"]
[Result "0-1"]
[WhiteElo "2479"]
[BlackElo "2335"]
[TimeControl "180+1"]
[EndTime "10:40:44 PDT"]
[Termination "dpopadic won by checkmate"]

1. d4 Nf6 2. Bg5 d5 3. Bxf6 exf6 4. e3 c5 5. dxc5 Bxc5 6. Nf3 O-O 7. Nc3 Bb4 8. Qd2 Qc7 9. Be2 Bxc3 10. Qxc3 Qxc3+ 11. bxc3 Be6 12. Nd4 Rc8 13. Kd2 Nc6 14. Rab1 Na5 15. Rb5 b6 16. Rhb1 Rc7 17. Bd3 Rac8 18. Ne2 h6 19. h3 Kf8 20. f4 f5 21. g4 g6 22. gxf5 gxf5 23. R1b4 Ke7 24. Ra4 Bd7 25.
Raxa5 bxa5 26. Rxa5 Be6 27. Ra3 Rg8 28. Ra5 Rg2 29.
Kc1 Rh2 30. Kb2 Rxh3 31. Nd4 Kf6 32. Ra6 Rxe3 33. Bxf5 h5 34. Bxe6 fxe6 35. f5 h4 36. fxe6 Kg5 37. Ra5 h3 38. Rxd5+ Kg4 39. Rd7 Rcxc3 40.
Rg7+ Kf4 41. Rh7 Rc8 42. a4 Rd8 43. Nc6 Rc8 44. Nxa7 Re8 45. Nb5 R8xe6 46. Rh8 Kg5 47. Nd4 Rg6 48. a5 Kg4 49. c3 Re4 50. Kb3 Re5 51. Kb4 Rh5 52. Re8 h2 53. Re4+ Kg3 54. Re3+ Kf2 55. Re2+ Kf1 56. Ra2 h1=Q 57. Ra1+ Kf2 58.
Rxh1 Rxh1 59. Nb3 Rb1 60. Kc4 Ke3 61. Nd4 Ke4 62. Nc2 Ra6 63. Na3 Rb8 64. Nb5 Rxa5 65. Nd6+ Ke3 66. Nf5+ Kf2 67. Nd4 Ra7 68. Nc2 Rc7+ 69.
Kd3 Rbc8 70. Nd4 Rxc3+ 71. Ke4 R3c4 72. Kd5 Rxd4+ 73. Kxd4 Kf3 74. Ke5 Rc7 75. Ke6 Rc2 76. Kd6 Rc1 77. Kd5 Re1 78. Kd4 Re3 79. Kc4 Ke4 80. Kb4 Rd3 81. Ka4 Kd4 82. Kb4 Rc3 83. Ka4 Kc4 84. Ka5 Rb3 85. Ka6 Kc5 86. Ka5 Ra3# 0-1

[Event "*** SCC Grand Prix: Titled Tuesday Blitz"]
[Site "Chess.com"]
[Date "2020.09.29"]
[Round "4"]
[White "CrazyMartian"]
[Black "shineatchess"]
[Result "1-0"]
[WhiteElo "2325"]
[BlackElo "2202"]
[TimeControl "180+1"]
[EndTime "10:40:45 PDT"]
[Termination "CrazyMartian won by checkmate"]

1. d4 Nf6 2. Bf4 d5 3. e3 c5 4. c3 Nc6 5. Nd2 e6 6. Ngf3 Nh5 7. Bd3 Nxf4 8. exf4 Bd6 9. dxc5 Bxc5 10. Nb3 Bd6 11. g3 h6 12. Nbd4 Bd7 13. a4 Rc8 14. Qe2 Qe7 15. Bb5 O-O 16. O-O Rfe8 17. Rfe1 Nxd4 18. Nxd4 Bxb5 19. axb5 Bc5 20. Nf3 Bb6 21. Ne5 Qc5 22.
Rad1 f6 23. Nf3 e5 24. fxe5 fxe5 25. Rf1 e4 26. Nd4 Qc4 27. Qe3 Bxd4 28. Rxd4 Qxb5 29. Qd2 Rcd8 30. Rd1 Re5 31. c4 Qd7 32. Rxd5 Rxd5 33.
cxd5 Qd6 34. Qd4 b6 35. Qxe4 Kh8 36. b4 a5 37. bxa5 bxa5 38. Rd4 Qc5 39. Kg2 Qd6 40.
h4 a4 41. Rxa4 Qxd5 42. Qxd5 Rxd5 43. g4 Kh7 44. Kg3 Rd3+ 45. f3 Rb3 46. h5 Rc3 47. Re4 Rb3 48. Re5 Rc3 49. Rf5 Rb3 50. Kh4 Rb1 51. Re5 Rf1 52. Kg3 Rg1+ 53. Kf4 Rf1 54.
Re3 Rf2 55. Kf5 Rf1 56. f4 Ra1 57. Re5 Rf1 58. Re4 Rf2 59. Rd4 Rf1 60. Re4 Rf2 61.
Ke5 Ra2 62. Rd4 Re2+ 63. Re4 Ra2 64. f5 Ra5+ 65. Kf4 Ra1 66. f6 Rf1+ 67. Kg3 Rxf6 68.
Rf4 Ra6 69. Rf5 Ra3+ 70. Kh4 Rb3 71. Re5 Ra3 72. Re4 Rb3 73. g5 Ra3 74. g6+ Kg8 75.
Re8# 1-0

[Event "*** SCC Grand Prix: Titled Tuesday Blitz"]
[Site "Chess.com"]
[Date "2020.09.29"]
[Round "4"]
[White "Sadykov_Ramil"]
[Black "OlaaLa"]
[Result "1-0"]
[WhiteElo "2520"]
[BlackElo "2320"]
[TimeControl "180+1"]
[EndTime "10:40:48 PDT"]
[Termination "Sadykov_Ramil won on time"]

1. e4 c5 2. Nf3 a6 3. d4 cxd4 4. Nxd4 Nf6 5. f3 e5 6. Nb3 d5 7.
Bg5 dxe4 8. Qxd8+ Kxd8 9. fxe4 Nd7 10. N1d2 Kc7 11. O-O-O Ng4 12. Re1 f6 13. Bh4 g5 14.
Bg3 h5 15. h4 Bd6 16. Be2 Nf8 17. Nc4 Ne6 18. Rd1 Rd8 19. hxg5 Nxg5 20. Rxh5 b5 21.
Nxd6 Rxd6 22. Rxd6 Kxd6 23. Bf3 Be6 24. Rh4 Ne3 25. Nd2 Rc8 26. c3 b4 27. Bf2 bxc3 28. Bxe3 cxd2+ 29. Kxd2 Nxf3+ 30. gxf3 Bxa2 31. Rh6 Ke7 32. Rh7+ Bf7 33. Rh1 Rb8 34. Kc2 Bb3+ 35. Kc3 Bf7 36. Ra1 Rb3+ 37. Kd2 Bc4 38. Bc5+ Ke6 39. Ba3 Rxf3 40. Rc1 Bb5 41. Re1 Rd3+ 42. Kc2 Rd4 43. Kc3 Rc4+ 44. Kb3 Rd4 45. Kc3 Rd3+ 46. Kc2 Rh3 47. Bb4 Bd3+ 48. Kd2 Bb5 49. Bc3 Rh2+ 50. Kc1 Rh3 51. Kc2 Bd3+ 52. Kb3 Bb5 53. Kb4 Bc6 54. Ka5 Bb5 55. Kb6 f5 56. exf5+ Kxf5 57. Rxe5+ Kf4 58. Re7 Rh6+ 59. Ka5 Bd3 60. Rf7+ Ke3 61. Rc7 Be4 62. Rc5 Kd3 63. Rc8 Ke3 64. Rd8 Kf3 65.
Rd4 Rg6 66. Rd8 Re6 67. Bb4 Rg6 68. Bc5 Re6 69. b4 Bc2 70. Bd6 Bb3 71. Kxa6 Bc4+ 72. Kb6 Be2 73. Kc5 Ke4 74. Rf8 Bd3 75. Rf4+ Ke3 76.
Rd4 Rh6 77. Bf4+ Kf3 78. Bxh6 Be4 79. Rd6 1-0

[Event "*** SCC Grand Prix: Titled Tuesday Blitz"]
[Site "Chess.com"]
[Date "2020.09.29"]
[Round "4"]
[White "Korchmar_Vasiliy"]
[Black "Akmal_Fayzullaev"]
[Result "0-1"]
[WhiteElo "2565"]
[BlackElo "2284"]
[TimeControl "180+1"]
[EndTime "10:40:51 PDT"]
[Termination "Akmal_Fayzullaev won on time"]

1. d4 Nf6 2. Nf3 g6 3. Bg5 Bg7 4. Nbd2 d5 5. e3 O-O 6. Be2 b6 7. O-O Bb7 8. c3 c5 9. Ne5 Nc6 10. f4 Ne8 11. Qa4 Nxe5 12. fxe5 f6 13. Bf4 fxe5 14.
Bxe5 Rxf1+ 15. Rxf1 Bxe5 16. dxe5 Ng7 17. Qf4 Bc6 18. Bg4 Qe8 19. Qh6 e6 20. Nf3 Qe7 21. Ng5 Nf5 22. Bxf5 exf5 23. g4 Bd7 24. Rf3 Qg7 25.
Qh4 Re8 26. Rh3 Re7 27. e6 Bxe6 28. Nxe6 Rxe6 29. Qd8+ Qf8 30. Qxd5 Qf7 31. Rf3 Rf6 32. Qd8+ Kg7 33. g5 Re6 34. Kg2 Qe7 35. Qxe7+ Rxe7 36. Kg3 Re4 37. Kf2 Kf7 38. Ke2 Ke6 39. Rh3 Rg4 40.
Rxh7 Rxg5 41. Kf3 Rg1 42. Rxa7 Rb1 43. b3 Rb2 44. Ra6 Ke5 45. Rxb6 g5 46. h3 Rxa2 47. Rb5 Rh2 48. Rxc5+ Kf6 49. Rc6+ Ke5 50. Rc5+ Kf6 51. Kg3 Re2 52. b4 Rxe3+ 53. Kg2 f4 54. b5 Re2+ 55.
Kf3 Re3+ 56. Kf2 Rxh3 57. b6 g4 58. b7 Rh2+ 59. Kg1 Rb2 60. Rc7 g3 61. Rc8 Rxb7 62.
Rf8+ Kg5 63. Kg2 Rb2+ 64. Kf3 Rf2+ 65. Ke4 Re2+ 66. Kf3 Re3+ 67. Kg2 Rxc3 68. Rg8+ Kf5 69. Rf8+ Ke4 70. Re8+ Kd4 71. Rd8+ Ke3 72. Re8+ Kd2 73. Rf8 Rc4 74. Kf3 Ke1 75. Ra8 Rc3+ 76. Kxf4 g2 77. Rg8 Kf2 0-1

[Event "*** SCC Grand Prix: Titled Tuesday Blitz"]
[Site "Chess.com"]
[Date "2020.09.29"]
[Round "4"]
[White "SHIVACalypso"]
[Black "PotapovaM"]
[Result "0-1"]
[WhiteElo "2342"]
[BlackElo "2560"]
[TimeControl "180+1"]
[EndTime "10:40:51 PDT"]
[Termination "PotapovaM won by resignation"]

1. Nf3 Nf6 2. c4 e6 3. g3 d5 4. Bg2 dxc4 5. Qa4+ Nbd7 6. Qxc4 a6 7. O-O b5 8. Qc6 Rb8 9. b3 Bb7 10. Qc2 c5 11. Bb2 Be7 12. d3 O-O 13. Nbd2 Rc8 14. Rac1 h6 15. Rfd1 Nb8 16. Ne5 Bxg2 17. Kxg2 Nfd7 18.
Ndf3 Nxe5 19. Nxe5 Nc6 20. Nxc6 Rxc6 21. b4 Qd5+ 22.
Kg1 Qxa2 23. e4 c4 24. Qc3 f6 25. d4 Rcc8 26. d5 exd5 27. exd5 Bd6 28. Re1 Qa4 29. Ba3 Be5 30. Rxe5 fxe5 31. Bb2 Rfe8 32. d6 Rcd8 33. Qd2 Qb3 34. Qd5+ Kh8 35. Bxe5 Qd3 36. Qc5 Rxe5 37. Qxe5 Qxd6 38. Qb2 Qf6 39. Qe2 Rd3 40. Qe8+ Kh7 41. Qe4+ Qg6 42. Qe2 Rd6 43. Re1 Qd3 44. Qe7 Rf6 45.
Re2 Qd1+ 46. Kg2 Qd5+ 47. Kg1 c3 48. Qe3 c2 49. Qc1 Qd1+ 50. Re1 Qxc1 51. Rxc1 Rc6 52. Kf1 a5 53. bxa5 b4 54. a6 b3 55. a7 Rc8 56. Ke2 Ra8 57. Kd2 Rxa7 58. Kc3 Rb7 59. Kb2 Kg6 60. Re1 Kf7 61. f3 Kf6 62.
g4 Rb6 63. h4 g5 64. h5 Rb4 65. Re2 Rc4 66. Re1 Rb4 67. Re2 Rb6 68. Re3 Rb7 69.
Re1 Kf7 70. Re3 Rb8 71. Re1 Kf6 72. Re2 Rb5 73. Re3 Rc5 74. Re1 Re5 75. Ra1 Re3 76. Ra6+ Ke5 77. Rxh6 Re1 78. Rc6 Rb1+ 79. Ka3 c1=Q+ 80.
Rxc1 Rxc1 81. Kxb3 Rh1 82. Kc3 Kf4 83. Kd4 Kxf3 84. Ke5 Kxg4 85. Kf6 Rxh5 86. Kg6 Rh3 0-1

[Event "*** SCC Grand Prix: Titled Tuesday Blitz"]
[Site "Chess.com"]
[Date "2020.09.29"]
[Round "4"]
[White "Karacsonyi_Gellert"]
[Black "FontVella8"]
[Result "0-1"]
[WhiteElo "2668"]
[BlackElo "2487"]
[TimeControl "180+1"]
[EndTime "10:40:57 PDT"]
[Termination "FontVella8 won by checkmate"]

1. e4 e5 2. Nf3 Nc6 3. Bb5 g6 4. d4 exd4 5. Bg5 Be7 6. Bxe7 Qxe7 7. O-O Nf6 8. Nxd4 O-O 9. Nxc6 dxc6 10. Bd3 Nxe4 11.
Qe2 f5 12. Nd2 Qf6 13. Bxe4 fxe4 14. c3 Bf5 15. Qc4+ Qf7 16. Qb4 b6 17. Rae1 a5 18.
Qa4 Rae8 19. Qxc6 Qxa2 20. Nxe4 Bxe4 21. Rxe4 Rxe4 22. Qxe4 Qxb2 23. Qe6+ Rf7 24. Qe8+ Kg7 25. Qe5+ Kg8 26. Qe8+ Kg7 27. Qe5+ Kg8 28. Kh1 Qd2 29.
Qe8+ Kg7 30. Qe5+ Kf8 31. Re1 Kg8 32. f3 a4 33. Ra1 a3 34. Qe8+ Kg7 35. Qe5+ Kh6 36. h3 a2 37. Qe6 Rd7 38. Rxa2 Qc1+ 39. Kh2 Qf4+ 40. Kg1 Rd1+ 41. Kf2 Rd2+ 42. Rxd2 Qxd2+ 43.
Kf1 Qxc3 44. Qe7 Qc1+ 45. Ke2 Qc2+ 46. Kf1 Qd3+ 47. Ke1 Qc3+ 48. Kf1 Qc4+ 49. Ke1 Qd4 50. Qf8+ Kg5 51. Qe7+ Kf5 52. Qf7+ Ke5 53. Qxh7 Kd5 54.
Kf1 Qd1+ 55. Kf2 Qd2+ 56. Kg3 Qg5+ 57. Kh2 Qe5+ 58. Kg1 c5 59. Qd7+ Kc4 60. Qa4+ Kd3 61. Qb3+ Kd2 62. Qxb6 Qd4+ 63. Kh2 Qe5+ 64. g3 c4 65. Qb4+ c3 66. h4 Qe2+ 67. Kh3 Qxf3 68. Qd4+ Ke2 69. Qc4+ Kf2 70. Qd4+ Qe3 71. Qf6+ Kg1 72.
Qxg6 Kf2 73. Qf5+ Ke2 74. Qc2+ Kf3 75. Qd1+ Ke4 76. Qh1+ Qf3 77. Qb1+ Kd4 78. Qb6+ Kd3 79. Qd6+ Kc2 80. Qg6+ Kd2 81. Qd6+ Qd3 82. Qf4+ Qe3 83.
Qb4 Ke2 84. Qc4+ Kf2 85. h5 Qxg3# 0-1

[Event "*** SCC Grand Prix: Titled Tuesday Blitz"]
[Site "Chess.com"]
[Date "2020.09.29"]
[Round "4"]
[White "vugarrasulov"]
[Black "LiemLe"]
[Result "1/2-1/2"]
[WhiteElo "2796"]
[BlackElo "2983"]
[TimeControl "180+1"]
[EndTime "10:41:08 PDT"]
[Termination "Game drawn - insufficient material"]

1. d4 Nf6 2. c4 e6 3. Nc3 Bb4 4. Qc2 d5 5. Nf3 O-O 6. Bg5 h6 7. Bxf6 Qxf6 8. a3 Bxc3+ 9. Qxc3 c6 10. e3 Nd7 11. Be2 dxc4 12. Bxc4 b6 13. O-O Bb7 14. Rac1 Rfd8 15. b4 c5 16. dxc5 bxc5 17. Qxf6 gxf6 18. b5 Nb6 19. Rc3 a6 20. bxa6 Bxa6 21. Bxa6 Rxa6 22.
Rxc5 Rxa3 23. h3 Nd5 24. Rfc1 Kg7 25. Nd4 Ra2 26. Rc8 Rxc8 27. Rxc8 f5 28. Rb8 f4 29. exf4 Nxf4 30. h4 Nd3 31. Rb7 Kg6 32. h5+ Kf6 33. Rb3 Rd2 34. Nc6 Kg5 35. Rb5+ f5 36. Nd4 Kf6 37.
Rb6 Nf4 38. Nf3 Rd1+ 39. Kh2 Nxh5 40. Rb8 Nf4 41. Rf8+ Kg7 42. Re8 Rd6 43. Re7+ Kg6 44. Ra7 Nd3 45. Kg1 Rb6 46. Ra1 Rb2 47. Rf1 e5 48.
Ne1 Nf4 49. Nf3 Kf6 50. Ra1 Rb6 51. Ra8 Nd3 52. Rf8+ Ke6 53. Re8+ Kf7 54. Rd8 e4 55. Nd4 f4 56. f3 Rb1+ 57. Kh2 Nf2 58. g3 exf3 59.
Nxf3 Rb3 60. Kg2 fxg3 61. Ne5+ Ke6 62. Ng6 Ng4 63. Nf4+ Kf5 64. Rf8+ Ke4 65. Nh5 Ne3+ 66. Kxg3 Nd5+ 67. Kh4 Ke5 68. Re8+ Kd6 69. Rh8 Rb4+ 70. Kg3 Ke5 71. Rxh6 Ne3 72. Rh8 Nf5+ 73. Kf3 Rb3+ 74. Kf2 Rb2+ 75. Kf3 Nd4+ 76. Kg3 Rb3+ 77. Kg4 Rb1 78. Re8+ Kd6 79. Rd8+ Kc5 80. Rc8+ Kd5 81. Nf4+ Ke5 82. Re8+ Kf6 83. Rf8+ Kg7 84. Rd8 Rg1+ 85. Kh3 Nf5 86. Kh2 Rf1 87. Ne6+ Kf6 88. Nd4 Rd1 89. Rf8+ Kg7 90. Rxf5 Rxd4 91. Kg3 Rd6 92. Rf4 Rg6+ 93. Rg4 Rxg4+ 94. Kxg4 1/2-1/2

[Event "*** SCC Grand Prix: Titled Tuesday Blitz"]
[Site "Chess.com"]
[Date "2020.09.29"]
[Round "4"]
[White "Artem_Sadovsky"]
[Black "Kira170"]
[Result "1/2-1/2"]
[WhiteElo "2520"]
[BlackElo "2784"]
[TimeControl "180+1"]
[EndTime "10:41:08 PDT"]
[Termination "Game drawn - insufficient material"]

1. Nf3 Nf6 2. c4 e6 3. b3 d5 4. Bb2 g6 5. e3 Bg7 6. Be2 O-O 7. O-O b6 8. cxd5 exd5 9. d3 Bb7 10. Nbd2 c5 11.
Qc2 Nc6 12. Rad1 Qe7 13. Qb1 Rfd8 14. Qa1 d4 15. e4 Nd7 16. Ne1 Re8 17. f4 Rad8 18.
g3 h5 19. Ng2 Nf6 20. h3 Nb4 21. Qb1 Nc6 22. g4 hxg4 23. hxg4 g5 24. fxg5 Nh7 25.
Nf3 Nxg5 26. Nxg5 Qxg5 27. Bc1 Qe7 28. g5 Ne5 29. Qc2 Bc8 30. Nh4 Ng6 31. Nf5 Bxf5 32. Rxf5 Qc7 33. Bh5 Qg3+ 34. Kh1 Re5 35. Qh2 Qxh2+ 36.
Kxh2 Rxf5 37. exf5 Ne5 38. Bf4 Re8 39. Kg3 Nc6 40. f6 Bf8 41. g6 fxg6 42. Bf3 Ne5 43. Bd5+ Nf7 44. a4 Rd8 45. Bc4 Bd6 46. Re1 Kf8 47. Rh1 g5 48. Bxd6+ Rxd6 49. Bxf7 Kxf7 50.
Rh7+ Kxf6 51. Rxa7 Re6 52. Kg4 Kg6 53. Ra6 Rf6 54.
a5 bxa5 55. Rxa5 Rf4+ 56. Kg3 Rf5 57. Kg4 Re5 58. b4 Kf6 59. Rxc5 Re3 60. Rf5+ Ke6 61. Rf3 Kd5 62. Rf5+ Kc6 63. Kxg5 Rxd3 64. Kf4 Rb3 65. Ke4 Rxb4 66. Kd3 Ra4 67. Rg5 Kd6 68. Rh5 Ke6 69. Rg5 Kd6 70. Rb5 Kc6 71. Rh5 Rb4 72. Rg5 Kb6 73. Rh5 Ra4 74. Rg5 Ra3+ 75. Kxd4 Ra4+ 76. Ke3 Ra3+ 77. Kf4 Ra4+ 78. Kf5 Ra5+ 79. Kf6 Rxg5 80. Kxg5 1/2-1/2

[Event "*** SCC Grand Prix: Titled Tuesday Blitz"]
[Site "Chess.com"]
[Date "2020.09.29"]
[Round "4"]
[White "ExtremeLearner"]
[Black "Schandenfreude"]
[Result "1-0"]
[WhiteElo "2313"]
[BlackElo "2569"]
[TimeControl "180+1"]
[EndTime "10:41:09 PDT"]
[Termination "ExtremeLearner won on time"]

1. d4 Nf6 2. Nf3 e6 3. g3 b5 4.
Bg2 Bb7 5. O-O c5 6. dxc5 Bxc5 7.
a4 b4 8. b3 O-O 9. Bb2 d5 10. Ne5 Nc6 11. Nd2 Nxe5 12. Bxe5 Rc8 13. h4 Be7 14. Nf3 Ne4 15. Bd4 Bf6 16. Ne5 Qc7 17. Ng4 Bxd4 18. Qxd4 Qc5 19. Qxc5 Nxc5 20. Ne3 Nd7 21. a5 Ba6 22. Ra4 Rb8 23. Bf3 Rfc8 24. Rd1 Ne5 25. Rd4 Nc6 26. Rd2 Rb5 27. Rd1 Rxa5 28.
Rxa5 Nxa5 29. Ra1 Rc5 30. Ng4 f6 31. Ra4 Rb5 32. e4 Bb7 33. exd5 Bxd5 34. Be2 Rc5 35. Ne3 Nc6 36. Ra6 Nd4 37. Bd3 Rc7 38. Nxd5 exd5 39.
Rd6 g6 40. Rxd5 Nxc2 41. Bxc2 Rxc2 42. Rb5 a5 43. Rxa5 Rb2 44. Ra6 f5 45. Kg2 Rxb3 46.
Rb6 Kg7 47. Kh3 Kh6 48. Kg2 Rb2 49. Rb7 Rb3 50. Kg1 f4 51. Kg2 f3+ 52. Kh3 Rb2 53.
Kg4 Rc2 54. Kxf3 Rc3+ 55. Kg4 Rc4+ 56. Kh3 g5 57. f3 gxh4 58. g4 Kg6 59. Kxh4 h5 60.
Rb6+ Kg7 61. Kxh5 Rf4 62. Rb7+ Kf8 63. Kg5 Rxf3 64. Rxb4 Ra3 65. Rb8+ Kf7 66. Rb7+ Kg8 67. Kh5 Ra1 68. g5 Kf8 69. Kg6 Ra6+ 70. Kh7 Ra1 71. Rb8+ Ke7 72. g6 Rh1+ 73. Kg8 Kf6 74. Rb6+ Kg5 75.
g7 Ra1 76. Kh7 Rh1+ 77. Kg8 Ra1 78. Re6 Ra8+ 79. Kf7 Ra7+ 80. Re7 1-0

[Event "*** SCC Grand Prix: Titled Tuesday Blitz"]
[Site "Chess.com"]
[Date "2020.09.29"]
[Round "4"]
[White "francyIM"]
[Black "ChessWarrior7197"]
[Result "1/2-1/2"]
[WhiteElo "2763"]
[BlackElo "2949"]
[TimeControl "180+1"]
[EndTime "10:41:21 PDT"]
[Termination "Game drawn by repetition"]

1. c4 c6 2. Nf3 d5 3. d4 Nf6 4.
e3 e6 5. Nbd2 Nbd7 6. b3 Ne4 7.
Bd3 f5 8. O-O Bd6 9. Bb2 Qf6 10.
cxd5 exd5 11. Ne1 O-O 12. f4 g5 13. g3 g4 14. Be2 h5 15. Nd3 h4 16. Nxe4 dxe4 17. Ne5 Nb6 18. Bc4+ Be6 19. Qe2 Nd5 20.
Bxd5 cxd5 21. Rac1 Rae8 22. Bc3 Re7 23. Be1 hxg3 24.
Bxg3 Kg7 25. h3 Qh6 26. hxg4 fxg4 27. Qh2 Qxh2+ 28. Kxh2 Bf5 29. Bh4 Rh8 30. Kg3 Re6 31.
Rh1 Reh6 32. Rh2 a5 33. Rch1 Rc8 34. Bg5 Rh3+ 35. Rxh3 gxh3 36. Ng4 Rc2 37. Rxh3 Rc1 38.
Kh4 Rg1 39. Rg3 Rh1+ 40. Rh3 Ra1 41. Rg3 Rxa2 42. Bh6+ Kh7 43. Bg5 Rh2+ 44. Nxh2 b5 45. Ng4 Kg6 46. Nf6 Kf7 47. Nxd5 a4 48. bxa4 bxa4 49.
Nc3 a3 50. Rg2 Bb4 51. Nb5 Be6 52. Nxa3 Bxa3 53. Bh6 Bb4 54. Rg7+ Kf6 55. Rb7 Be1+ 56. Kh5 Bc4 57. Rb6+ Kf5 58. Bg5 Be2+ 59. Kh6 Bf2 60.
Rf6+ Kg4 61. f5 Bc4 62. d5 Bxd5 63. Kg6 Bc4 64. Rd6 Bg3 65. f6 Bxd6 66. Bh6 Kf3 67. f7 Bxf7+ 68. Kxf7 Bc5 69. Bg7 Bxe3 70. Ke6 Bf4 71. Bd4 Be3 72. Be5 Ke2 73. Kf5 Kf3 74.
Bf6 Bf2 75. Bg5 Be3 76. Bf6 Bd2 77. Bd4 Bc1 78. Bc5 Be3 79. Be7 Bf4 80. Bc5 Bg3 81.
Bb6 Bd6 82. Bd4 Bb4 83. Ke5 Ba3 84. Kf5 Bc1 85. Bc5 Bd2 86. Bd4 Bb4 87. Bb6 Ba3 88. Bd4 Bf8 89. Bb6 Bh6 90. Bd4 Be3 91. Bf6 1/2-1/2

[Event "*** SCC Grand Prix: Titled Tuesday Blitz"]
[Site "Chess.com"]
[Date "2020.09.29"]
[Round "5"]
[White "memer5334"]
[Black "Trovita84"]
[Result "0-1"]
[WhiteElo "2167"]
[BlackElo "1983"]
[TimeControl "180+1"]
[EndTime "10:49:45 PDT"]
[Termination "Trovita84 won by resignation"]

1. d4 e6 2. e4 d5 3. e5 c5 4. c3 Nc6 5. f4 Qb6 6. Nf3 Nh6 7. Bd3 cxd4 8. cxd4 Bd7 9. Nc3 Nxd4 10. Nxd4 Qxd4 11. Nb5 Qb6 12. Bd2 Bxb5 0-1